 Dungeon Crawl Stone Soup version 0.30.1-4-g462c640d31 (webtiles) character file.

Game seed: 201518710169227199

28 Peloso the Covered (level 2, 0/27 HPs)
             Began as a Minotaur Fighter on Aug 15, 2023.
             Slain by an orc
             ... wielding a +0 mace of distortion
              (2 damage)
             ... on level 3 of the Dungeon.
             The game lasted 00:02:19 (1455 turns).

Peloso the Covered (Minotaur Fighter)               Turns: 1455, Time: 00:02:19

Health: 0/27       AC:  7    Str: 20    XL:     2   Next: 96%
Magic:  1/1        EV:  9    Int:  5    God:
Gold:   67         SH:  4    Dex:  9    Spells: 1/1 levels left

rFire   . . .        a - +0 long sword
rCold   . . .        c - +0 buckler
rNeg    . . .        b - +0 scale mail
rPois   .            (helmet restricted)
rElec   .            (no cloak)
rCorr   .            (no gloves)
SInv    .            (no boots)
Will    .....        (no amulet) Stlth
                     (no ring)
HPRegen 0.24/turn    (no ring)
MPRegen 0.07/turn

%: no passive effects
@: no status effects
A: horns 2, retaliatory headbutt
a: no special abilities


You were on level 3 of the Dungeon.
You visited 1 branch of the dungeon, and saw 4 of its levels.

You collected 67 gold pieces.

Inventory:

Hand Weapons
 a - a +0 long sword (weapon)
Armour
 b - a +0 scale mail (worn)
 c - a +0 buckler (worn)
Jewellery
 h - a ring of positive energy
Scrolls
 e - 2 scrolls of vulnerability {unknown}
 f - 4 scrolls of identify {unknown}
 g - a scroll of blinking {unknown}
 i - a scroll of amnesia {unknown}
 j - a scroll of fog {unknown}
 l - a scroll of poison {unknown}
 m - a scroll of enchant armour {unknown}
 o - a scroll of teleportation {unknown}
Potions
 d - a potion of might
 n - a potion of curing


   Skills:
 + Level 4.0 Fighting
 + Level 2.9 Long Blades
 + Level 4.2 Armour
 + Level 3.9 Shields


You had one spell level left.
You didn't know any spells.
Your spell library contained the following spells:

 Spells                   Type           Power      Damage    Failure   Level
 Summon Ice Beast         Ice/Summ       0%         N/A       100%        4
 Summon Mana Viper        Hex/Summ       0%         N/A       100%        5
 Monstrous Menagerie      Summ           0%         N/A       100%        7


Dungeon Overview and Level Annotations

Branches:
Dungeon (4/15)
 Temple: D:4-7

Altars:

Shops:
D:1 (


Innate Abilities, Weirdness & Mutations

You have a pair of horns on your head.
You reflexively headbutt those who attack you in melee.


Message History

You climb upwards.
Found a scroll labelled DYEMAC XIKONOL.
There is a stone staircase leading down here.
Found a flail.
Found a book of Storms.
A bat comes into view.
The bat moves out of view.
i - a scroll labelled DYEMAC XIKONOL You see here a +0 flail.
You miss the bat. The bat hits you. The bat hits you but does no damage.
You barely miss the bat. Your headbutt misses the bat.
The bat barely misses you. The bat hits you but does no damage.
You closely miss the bat. The bat barely misses you. The bat barely misses you.
The bat closely misses you.
You closely miss the bat. The bat hits you.
You hit the bat.
You kill the bat!
There is a stone staircase leading down here.
You climb downwards.
You block the orc's attack. The orc hits you with a +0 hand axe.
You block the orc's attack.
There is a stone staircase leading up here.
The orc barely misses you. You furiously retaliate!
You headbutt the orc. The orc barely misses you. You furiously retaliate!
You headbutt the orc!
You kill the orc!
The orc hits you with a +0 mace of distortion.
Space warps horribly around you!!
Ouch! That really hurt!
* * * LOW HITPOINT WARNING * * *
Your Fighting skill increases to level 4!
You climb upwards.
There is a stone staircase leading down here.
The orc attacks as you move away! The orc barely misses you.
The orc hits you but does no damage. The orc attacks as you move away!
The orc closely misses you. You furiously retaliate!
You headbutt the orc. The orc attacks as you move away!
The orc hits you but does no damage. The orc attacks as you move away!
The orc hits you with a +0 mace of distortion.
You die...

..# .... ######.#
....##.)....#
........#####
......#.#
.#......#.#
#........@###
......##.o..#
...... ##o..##..
#....##..........
#..>.##.......
#.#### #...... #
.#.... ##.:.# ...


You could see 2 orcs.

Vanquished Creatures
  A worm (D:2)
  An orc (D:4)
  4 ball pythons
  5 endoplasms
  A goblin (D:1)
  A hobgoblin (D:1)
  2 jackals (D:2)
  3 bats
  2 frilled lizards (D:1)
  2 rats (D:1)
22 creatures vanquished.

Notes
Turn   | Place    | Note
-------+----------+-------------------------------------------
     0 | D:1      | Peloso the Minotaur Fighter began the quest for the Orb.
     0 | D:1      | Reached XP level 1. HP: 19/19 MP: 0/0
   238 | D:1      | Reached XP level 2. HP: 27/27 MP: 1/1
   546 | D:1      | Found Bidghom's Antique Weapon Boutique.
  1396 | D:2      | You fall into a shaft and drop 2 floors!
  1449 | D:4      | HP: 1/27 [orc/+0 mace of distortion (20)]
  1455 | D:3      | Slain by an orc

Illustrated notes

Levels and vault maps discovered:
D:1:      eino_arrival_cavern_a, layout_loops_corners, serial_shops,
          nicolae_shop_tiny_real_fake_doors
D:2:      layout_basic, basic_altar, hex_intersection,
          wad_floor_pattern_untrapped, chequers_serial_rivers_room_b
D:3:      layout_rooms, general_overflow_altar, pf_just_have_faith,
          uniq_grinder, uniq_jessica
D:4:      layout_rooms, amcnicky_altar_gilded, serial_bayou_ford_a,
          minmay_manual_mail

Skill      XL: |  1  2 |
---------------+-------+-----
Armour         | 4 |  4.2
Fighting       | 4 |  4.0
Long Blades    | |  2.9
Shields        | |  3.9

Action                     || total
---------------------------++-------
  Melee: Long sword        ||    42
         Headbutt          ||     4
    Use: Potion            ||     5
 Armour: Scale mail        ||    17
  Dodge: Dodged            ||    27
  Block: Buckler           ||    12
